 Dungeon Sprint DCSS version 0.29-a0-925-g0a7a3d12f8 (webtiles) character file.

Game seed: 11058448145337857096

2814 rocky1 the Impaler (level 9, -7/89 HPs)
             Began as a Merfolk Gladiator on July 28, 2022.
             Was a High Priest of Okawaru.
             Mangled by a death yak (20 damage)
             ... in the Dungeon (Sprint VII: "The Pits").
             The game lasted 00:07:07 (2155 turns).

rocky1 the Impaler (Merfolk Gladiator)              Turns: 2155, Time: 00:07:09

Health: -7/89      AC: 13    Str: 22    XL:     9   Next: 72%
Magic:  16/16      EV: 11    Int: 10    God:    Okawaru [*****.]
Gold:   0          SH:  0    Dex: 15    Spells: 8/8 levels left

rFire   . . .      SeeInvis .   s - +2 halberd (venom)
rCold   . . .      Faith    .   (shield currently unavailable)
rNeg    . . .      Spirit   .   a - +3 chain mail
rPois   .          Reflect  .   c - +0 helmet
rElec   .          Harm     .   (no cloak)
rCorr   .          Rampage  .   (no gloves)
Will    .....      NoTele   +   (no boots)
Stlth   ..........              (no amulet)
HPRegen 0.24/turn               l - +3 ring of intelligence
MPRegen 0.15/turn               b - +3 ring of strength

@: lethally poisoned (-7 -> -8)
A: (nimble swimmer 2), mertail
a: Renounce Religion, Heroism, Finesse


You were in the Dungeon.
You worshipped Okawaru.
Okawaru was extremely pleased with you.
You visited 1 branch

Inventory:

Hand Weapons
 o - a +2 vorpal trident
 q - the +2 scimitar of the Immovable Seers {drain, rPois rF+ rC-}
   (You found it in the Dungeon)

   A truly terrible weapon, it drains the life of any living foe it strikes.
   rF:        It protects you from fire.
   rC:        It makes you vulnerable to cold.
   rPois:     It protects you from poison.
 r - the +2 morningstar of Hibei {freeze, Fly rElec rCorr}
   (You found it in the Dungeon)

   It freezes those it strikes, dealing additional cold damage.
   It can also slow down cold-blooded creatures.
   rElec:     It insulates you from electricity.
   Fly:       It grants you flight.
   rCorr:     It protects you from acid and corrosion.
 s - a +2 halberd of venom (weapon)
Missiles
 d - 3 throwing nets (quivered)
 e - a javelin
Armour
 a - a +3 chain mail (worn)
 c - a +0 helmet (worn)
Jewellery
 b - a +3 ring of strength (right hand)
 l - a +3 ring of intelligence (left hand)
Scrolls
 k - a scroll of blinking
 n - 5 scrolls of amnesia
Potions
 f - 9 potions of curing
 g - 5 potions of heal wounds
 h - a potion of haste
 i - 4 potions of magic
 j - 5 potions of berserk rage
 m - 2 potions of invisibility
 p - 3 potions of mutation


   Skills:
 + Level 15.1 Fighting
 - Level 16.5 Polearms
 - Level 2.0 Throwing
 - Level 3.8 Armour
 - Level 8.0 Dodging
 - Level 10.0 Invocations


You had 8 spell levels left.
You didn't know any spells.
Your spell library was empty.

Dungeon Overview and Level Annotations

Branches:
Dungeon (1/1)

Altars:
Ashenzari
Cheibriados
Dithmenos
Elyvilon
Fedhas
Gozag
Hepliaklqana
Kikubaaqudgha
Makhleb
Nemelex Xobeh
Okawaru
Qazlal
Ru
Sif Muna
Trog
Uskayaw
Vehumet
Wu Jian
Xom
Yredelemnul
Zin
The Shining One
Jiyva
Lugonu

Annotations:
D Psyche


Innate Abilities, Weirdness & Mutations

((You are very nimble when in or above water. (Stealth+, EV+, Speed+++)))
Your lower body shifts to a powerful aquatic tail in water.


Message History

You feel very sick.
You slash something!
You feel sick.
Something stings you but does no damage.
You closely miss something.
You feel sick. Something stings you!
You slash something! Okawaru is honoured by your kill.
Reactivating autopickup.
You feel a bit more experienced.
You feel sick.
Your Fighting skill increases to level 15!
You slash Psyche!
Psyche looks as sick as possible!
Psyche is moderately wounded.
You feel sick.
Psyche hits you with a +3 dagger of chaos.
Psyche freezes you.
You hit Psyche.
Psyche is heavily wounded.
You feel sick. Psyche barely misses you.
You barely miss Psyche.
Psyche is heavily wounded.
You feel sick.
You puncture the death yak!
The death yak is poisoned.
The death yak is lightly wounded.
You feel sick.
You puncture the death yak!
The death yak looks as sick as possible!
The death yak is moderately wounded.
You feel sick.
You slice the death yak!!
The death yak looks as sick as possible!
The death yak is heavily wounded.
You feel sick.
The death yak gores you but does no damage.
You slice the death yak!!
The death yak is almost dead.
The death yak gores you!
* * * LOW HITPOINT WARNING * * *
You barely miss the death yak.
The death yak is almost dead.
You feel sick. The death yak gores you!!
You die...

.............+
...#..#......#
.............#
'#####''######
....##''################
....##..#..............#
....##..##Yo.@.@o.......
<...##..#### #Y#
....##..#..#####@##
....##.รท#....##...#
....##..'.....#...#
######..'.....'...+
######..'.....#...#
..[[##..#....##...#
..[[##..#..#####.##
..).##..#### #+#
..))##..#


You could see a death yak (extremely poisoned), Psyche (very poisoned) and an
orc.

Vanquished Creatures
  An eidolon (D)
  A death yak (D)
  A smoke demon (D)
  A cane toad (D)
  An ice devil (D)
  A guardian mummy (D)
  A warg (D)
  A floating eye (D)
  An ice beast (D)
  2 scorpions (D)
  A quasit (D)
  An iron imp (D)
  Jessica (D)
  A mummy (D)
  A river rat (D)
  An adder skeleton (D)
  2 worms (D)
  A bat zombie (D)
  A giant cockroach (D)
  3 jackals (D)
  A quokka (D)
  A ball python zombie (D)
  A bat (D)
  A kobold (D)
  A quokka skeleton (D)
  A rat (D)
30 creatures vanquished.

Notes
Turn   | Place    | Note
-------+----------+-------------------------------------------
     0 | D        | rocky1 the Merfolk Gladiator began the quest for the Orb.
     0 | D        | Reached XP level 1. HP: 16/16 MP: 1/1
    16 | D        | Reached skill level 5 in Polearms
    22 | D        | Found a bloodstained altar of Trog.
    22 | D        | Found a shimmering blue altar of Sif Muna.
    22 | D        | Found a viscous altar of Jiyva.
    22 | D        | Found a hazy altar of Hepliaklqana.
    22 | D        | Found an opulent altar of Gozag.
    23 | D        | Found a glowing golden altar of the Shining One.
    23 | D        | Found a glowing silver altar of Zin.
    23 | D        | Found a basalt altar of Yredelemnul.
    23 | D        | Found a shimmering altar of Xom.
    23 | D        | Found an ornate altar of the Wu Jian Council.
    23 | D        | Found a sacrificial altar of Ru.
    23 | D        | Found a stormy altar of Qazlal.
    23 | D        | Found an iron altar of Okawaru.
    23 | D        | Found a sparkling altar of Nemelex Xobeh.
    23 | D        | Found a burning altar of Makhleb.
    23 | D        | Found a blossoming altar of Fedhas.
    23 | D        | Found a white marble altar of Elyvilon.
    23 | D        | Found a shadowy altar of Dithmenos.
    23 | D        | Found a snail-covered altar of Cheibriados.
    26 | D        | Found a corrupted altar of Lugonu.
    26 | D        | Found a radiant altar of Vehumet.
    27 | D        | Found an ancient bone altar of Kikubaaqudgha.
    27 | D        | Found a hide-covered altar of Uskayaw.
    27 | D        | Found a broken altar of Ashenzari.
    31 | D        | Became a worshipper of Warmaster Okawaru
   197 | D        | Reached skill level 6 in Polearms
   199 | D        | Reached XP level 2. HP: 16/22 MP: 2/2
   281 | D        | Noticed a floating eye
   281 | D        | Noticed an ice beast
   292 | D        | Reached skill level 7 in Polearms
   350 | D        | Paralysed by a floating eye for 2 turns
   354 | D        | Killed a floating eye
   354 | D        | Reached * piety under Okawaru
   355 | D        | Reached skill level 12 in Polearms
   355 | D        | Reached XP level 3. HP: 27/27 MP: 3/3
   355 | D        | Reached XP level 4. HP: 33/33 MP: 4/4
   355 | D        | Reached XP level 5. HP: 38/38 MP: 5/5
   363 | D        | Killed an ice beast
   363 | D        | Reached ** piety under Okawaru
   364 | D        | Reached skill level 15 in Polearms
   767 | D        | Reached XP level 6. HP: 44/44 MP: 6/6
   783 | D        | Reached skill level 16 in Polearms
   900 | D        | Noticed Jessica
   905 | D        | Killed Jessica
   906 | D        | Reached skill level 1 in Invocations
   917 | D        | Noticed a warg
   930 | D        | Killed a warg
   990 | D        | Noticed a guardian mummy
  1000 | D        | Killed a guardian mummy
  1001 | D        | Reached skill level 5 in Fighting
  1001 | D        | Reached skill level 5 in Invocations
  1001 | D        | Reached XP level 7. HP: 32/57 MP: 6/10
  1499 | D        | Noticed a death yak
  1499 | D        | Noticed a smoke demon
  1517 | D        | Killed a death yak
  1517 | D        | Reached *** piety under Okawaru
  1517 | D        | Reached **** piety under Okawaru
  1518 | D        | Reached XP level 8. HP: 30/71 MP: 10/14
  1527 | D        | Killed a smoke demon
  1528 | D        | Reached skill level 10 in Fighting
  1531 | D        | Reached skill level 10 in Invocations
  1569 | D        | Got the +2 scimitar of the Immovable Seers {drain, rPois
                  | rF+ rC-}
  1573 | D        | Got the +2 morningstar of Hibei {freeze, Fly rElec rCorr}
  1852 | D        | Noticed an eidolon
  1852 | D        | Noticed an ice devil
  1867 | D        | Killed an eidolon
  1867 | D        | Reached ***** piety under Okawaru
  1868 | D        | Reached XP level 9. HP: 32/85 MP: 8/16
  1874 | D        | Killed an ice devil
  2135 | D        | Noticed a death yak
  2135 | D        | Noticed a cane toad
  2135 | D        | Noticed Psyche
  2147 | D        | Killed a cane toad
  2148 | D        | Reached skill level 15 in Fighting
  2155 | D        | Mangled by a death yak

Illustrated notes

Levels and vault maps discovered:
D:        pitsprint [storerooms_1, entrance_room_1, metal_vault_1, armoury_3,
          mini_pit_1, grid_room_1, main_hall_1, silver_pit, the_coven_1,
          the_vestibule_1, steel_vault_4, golden_pit, hallway_of_sentries,
          crystal_vault_2, iron_vault_2, final_vault]

Skill      XL: |  1  2  3  4  5  6  7  8  9 |
---------------+----------------------------+-----
Polearms       | 6 12 15 16 | 16.5
Invocations    | 5 8 10 | 10.0
Fighting       | 5 9 13 15 | 15.1
Armour         | 3 |  3.8
Dodging        | 7 8 |  8.0
Throwing       | |  2.0

Action                   |  1- 3 |  4- 6 |  7- 9 || total
-------------------------+-------+-------+-------++-------
Melee: Trident           |    28 |    46 |    38 ||   112
       Punch             |       |     1 |     2 ||     3
       Halberd           |       |       |    38 ||    38
Invok: Heroism           |       |     1 |     2 ||     3
       Finesse           |       |       |     1 ||     1
  Use: Potion            |       |       |     3 ||     3
 Stab: Sleeping          |       |     1 |       ||     1
Armor: Leather armour    |    11 |     1 |       ||    12
       Chain mail        |       |     6 |    23 ||    29
Dodge: Dodged            |    29 |     7 |    24 ||    60

Table legend: (Time is in decaauts)
 A = Elapsed time spent in this place.
 B = Non-inter-level travel time spent in this place.
 C = Inter-level travel time spent in this place.
 D = Time resting spent in this place.
 E = Time spent auto-exploring this place.
 F = Levels seen in this place.
 G = Mean time per level.
                   A        B        C        D        E       F      G
               +--------+--------+--------+--------+--------+-----+--------+
         Total |   2102 |   2028 |     74 |   1569 |      0 |   1 | 2102.0 |
       Dungeon |   2102 |   2028 |     74 |   1569 |      0 |   1 | 2102.0 |
               +--------+--------+--------+--------+--------+-----+--------+

Top non-repeatable levels by time:
       D: 2102 daAuts
